 Dungeon Crawl Stone Soup version 0.18.1-50-g88ac8fd (webtiles) character file.

39826 Gorglomux the Grand Gadgeteer (level 13, -1/106 HPs)
             Began as a Deep Dwarf Fighter on Feb 24, 2017.
             Was the Champion of Pakellas.
             Slain by Snorg (16 damage)
             ... on level 7 of the Lair of Beasts.
             The game lasted 01:00:08 (13404 turns).

Gorglomux the Grand Gadgeteer (Deep Dwarf Fighter) Turns: 13404, Time: 01:00:10

Health: -1/106     AC: 19    Str: 25    XL:     13   Next: 71%
Magic:  23/23      EV:  9    Int: 13    God:    Pakellas [******]
Gold:   1047       SH: 11    Dex: 12    Spells: 0 memorised, 12 levels left

rFire  . . .     SeeInvis .     a - +6 war axe (flame)
rCold  . . .     Gourm    .     U - +9 chain mail of the Okapi {rElec rPois Int+4}
rNeg   . . .     Faith    .     c - +0 shield
rPois  +         Spirit   .     K - +0 helmet
rElec  +         Dismiss  .     n - +0 cloak
rCorr  .         Reflect  .     (no gloves)
SustAt +         Harm     .     t - +1 pair of boots
MR     ++...                    r - amulet of regeneration
Stlth  ..........               m - ring of protection from magic
                                S - ring of sustain attributes

@: corroded, non-regenerating, very resistant to hostile enchantments, extremely
unstealthy
A: damage resistance, recharge devices, sense surroundings 2, slow regeneration
3
a: Device Recharging, Quick Charge, Device Surge, Supercharge, Renounce Religion


You were on level 7 of the Lair of Beasts.
You worshipped Pakellas.
Pakellas was exalted by your worship.
You were not hungry.

You visited 3 branches of the dungeon, and saw 19 of its levels.

You collected 1207 gold pieces.

Inventory:

Hand Weapons
 a - a +6 war axe of flaming (weapon)
Armour
 c - a +0 shield (worn)
 n - a +0 cloak (worn)
 t - a +1 pair of boots (worn)
 K - a +0 helmet (worn)
 U - the +9 chain mail of the Okapi (worn) {rElec rPois Int+4}
   (You found it on level 2 of the Lair of Beasts)

   It affects your intelligence (+4).
   It insulates you from electricity.
   It protects you from poison.
Rods
 b - a +4 rod of clouds (9/12) {god gift}
   (Pakellas gifted it to you on level 1 of the Lair of Beasts)
Jewellery
 m - a ring of protection from magic (right hand)
 r - an amulet of regeneration (around neck)
 S - a ring of sustain attributes (left hand)
Wands
 e - a wand of heal wounds (1/9)
 i - a wand of slowing (26/48)
 A - a wand of acid (5/15) {god gift}
 C - a wand of confusion (19/48)
 D - a wand of digging (14/24)
 I - a wand of iceblast (2/15)
 L - a wand of lightning (9/15)
 P - a wand of paralysis (6/24)
 Y - a wand of teleportation (4/9)
Scrolls
 y - 4 scrolls of enchant armour
 z - 2 scrolls of fear
 B - 2 scrolls of blinking
 F - a scroll of enchant weapon
 M - 4 scrolls of magic mapping
 N - 3 scrolls of recharging
 O - 5 scrolls of fog
 Q - 12 scrolls of remove curse
 R - 3 scrolls of identify
 T - 3 scrolls of teleportation
Potions
 d - 2 potions of might
 j - 4 potions of agility
 o - 2 potions of cancellation
 q - 6 potions of curing
 u - a potion of ambrosia
 x - a potion of heal wounds
 G - a potion of brilliance
 H - a potion of magic
 J - 5 potions of flight
 Z - a potion of berserk rage {unknown}
Miscellaneous
 E - a plain deck of wonders {drawn: 2}
 V - a phantom mirror {god gift}
 X - a phial of floods {god gift}
Comestibles
 f - 12 bread rations
 g - 16 meat rations
 s - 8 chunks of flesh
 v - 25 fruits
 W - a beef jerky


   Skills:
 - Level 4.3 Fighting
 - Level 14.0 Axes
 - Level 5.8 Armour
 - Level 5.0 Dodging
 - Level 6.8 Shields
 + Level 20.9 Evocations


You had 12 spell levels left.
You didn't know any spells.

Dungeon Overview and Level Annotations

Branches:
Dungeon (11/15)            Temple (1/1) D:4            Lair (7/8) D:9
 Shoals (0/4) Lair:6        Snake (0/4) Lair:5        Slime (0/6) Lair:7
    Orc (0/2) D:10

Altars:
Ashenzari
Cheibriados
Dithmenos
Elyvilon
Fedhas
Gozag
Kikubaaqudgha
Nemelex Xobeh
Okawaru
Pakellas
Sif Muna
Trog
Vehumet
Xom
Yredelemnul
Zin
The Shining One

Shops:
D:7 %   D:8 %

Annotations:
Lair:7 Snorg


Innate Abilities, Weirdness & Mutations

You are resistant to damage.
You can recharge devices by infusing magical energy.
You passively map the area around you.
You do not regenerate naturally.


Message History

The polar bear is heavily wounded.
You block Snorg's attack. Snorg claws you!
* * * LOW HITPOINT WARNING * * *
Snorg claws you but does no damage. The polar bear bites you.
* * * LOW HITPOINT WARNING * * *
The polar bear claws you but does no damage. x2
You barely miss Snorg.
Snorg is almost dead.
You hit the polar bear. You burn the polar bear.
The polar bear is severely wounded.
Snorg bites you!
* * * LOW HITPOINT WARNING * * *
Snorg claws you.
* * * LOW HITPOINT WARNING * * *
You block Snorg's attack. The polar bear misses you.
You block the polar bear's attack.
The polar bear claws you but does no damage.
You block Snorg's attack. Snorg claws you!
You die...
Pakellas says: Time to find a new assistant...

. , , ,, ,, , ., , , .###, ,,
. , , ####...## , * . , .
*..#.....* , P , ,..* .#.#..
, , , P, , , ...###....##*,,
, , P , .......>... , , ,
#..†Th### . #.#.@...#* , . ,
..., #.#.....#* * . , ...$
#..#.#.## ,, , #,,*
....###?...####., , , P
#.............. , , ,**
..##.............,, , ,,,* ,
.....###.......... *
*......##.P........ , ,
..#..P.#.#..........,.......#


You could see Snorg (berserk) and a polar bear.

Vanquished Creatures
  Gastronok (Lair:3)
  The ghost of magog001 the Blocker, a journeyman MiFi of Nemelex Xobeh (Lair:4)
  6 hydras
  The ghost of magog001 the Protected, a novice MiFi of Nemelex Xobeh (D:10)
  A fire crab (Lair:7)
  2 hill giants (D:10)
  2 griffons
  3 black mambas
  12 elephants
  A torpor snail (Lair:6)
  2 rime drakes
  11 spiny frogs
  2 komodo dragons
  2 polar bears (Lair:4)
  A two-headed ogre (D:8)
  3 merfolk
  Grinder (D:5)
  10 blink frogs
  A spriggan (D:10)
  28 yaks
  8 hippogriffs
  3 basilisks
  A steam dragon (Lair:2)
  Menkaure (D:6)
  2 nagas (Lair:5)
  Duvessa (D:5)
  12 water moccasins
  Edmund (D:5)
  7 porcupines
  4 orc warriors
  2 necrophages
  2 ice beasts
  A wasp (D:9)
  6 black bears
  2 sky beasts
  An ogre (D:10)
  2 phantoms
  17 wolves
  8 crocodiles
  4 centaurs
  5 big kobolds
  Blork the orc (D:5)
  13 giant frogs
  Dowan (D:5)
  4 scorpions
  13 killer bees
  A howler monkey (D:9)
  5 wights (D:8)
  4 crimson imps
  An electric eel (Lair:4)
  A centaur zombie (D:6)
  A lava snake (Lair:7)
  6 hounds
  A giant frog skeleton (D:10)
  A centaur skeleton (D:5)
  18 jellies
  5 orc priests
  Crazy Yiuf (D:4)
  10 orc wizards
  Jessica (D:3)
  4 iguanas
  6 worker ants
  24 sheep
  A mummy (D:4)
  A howler monkey zombie (D:7)
  A worker ant zombie (D:7)
  3 gnolls (D:10)
  11 adders
  19 river rats
  2 oozes
  2 worms
  A dart slug (D:5)
  4 giant geckos
  46 orcs
  3 giant cockroaches
  4 goblins
  9 hobgoblins
  14 jackals
  31 kobolds
  3 quokkas
  2 ball pythons
  6 bats
  3 giant newts
  A hobgoblin zombie (D:4)
  2 kobold zombies (D:4)
  An orc zombie (D:4)
  A quokka zombie (D:5)
  5 rats
  A bush (Lair:7)
  2 butterflies (Lair:7)
  5 fungi
  A plant (Lair:2)
488 creatures vanquished.

Vanquished Creatures (collateral kills)
  Fannar (Lair:3)
  A giant frog (Lair:3)
2 creatures vanquished.

Vanquished Creatures (others)
  A naga (Lair:3)
  A sky beast (D:5)
  4 fungi
  A plant (Lair:2)
7 creatures vanquished.

Grand Total: 497 creatures vanquished

Notes
Turn   | Place    | Note
--------------------------------------------------------------
     0 | D:1      | Gorglomux the Deep Dwarf Fighter began the quest for the Orb.
     0 | D:1      | Reached XP level 1. HP: 20/20 MP: 1/1
   131 | D:1      | Reached skill level 3 in Axes
   262 | D:1      | Reached XP level 2. HP: 24/27 MP: 2/2
   646 | D:2      | Reached XP level 3. HP: 28/33 MP: 3/3
   716 | D:2      | Reached skill level 3 in Fighting
  1144 | D:3      | Reached XP level 4. HP: 24/42 MP: 4/4
  1312 | D:3      | Found a shimmering altar of Xom.
  1353 | D:3      | Noticed Jessica
  1367 | D:3      | Killed Jessica
  1465 | D:3      | Reached XP level 5. HP: 22/51 MP: 5/5
  1804 | D:3      | Reached skill level 1 in Dodging
  2021 | D:4      | Found a shadowy altar of Dithmenos.
  2196 | D:4      | You fall through a shaft for 3 floors!
  2196 | D:7      | Noticed a necrophage
  2205 | D:7      | Killed a necrophage
  2205 | D:7      | Reached XP level 6. HP: 46/58 MP: 6/6
  2259 | D:7      | Reached skill level 3 in Dodging
  2376 | D:7      | Reached XP level 7. HP: 44/66 MP: 7/7
  2599 | D:6      | Noticed Menkaure
  2610 | D:6      | Killed Menkaure
  2610 | D:6      | Reached skill level 6 in Shields
  2748 | D:5      | Entered Level 5 of the Dungeon
  2767 | D:5      | Noticed Grinder
  2784 | D:5      | Killed Grinder
  2784 | D:5      | Reached XP level 8. HP: 44/73 MP: 7/7
  2906 | D:5      | Reached skill level 1 in Evocations
  2911 | D:5      | Reached skill level 2 in Evocations
  3112 | D:5      | Reached skill level 4 in Evocations
  3134 | D:5      | Reached skill level 5 in Evocations
  3172 | D:5      | Noticed Blork the orc
  3188 | D:5      | Killed Blork the orc
  3188 | D:5      | Reached skill level 6 in Evocations
  3257 | D:5      | Noticed Edmund
  3273 | D:5      | Killed Edmund
  3273 | D:5      | Reached skill level 7 in Evocations
  3278 | D:5      | Found a radiant altar of Vehumet.
  3313 | D:5      | Noticed Dowan
  3313 | D:5      | Noticed Duvessa
  3329 | D:5      | Killed Duvessa
  3344 | D:5      | Killed Dowan
  3344 | D:5      | Reached skill level 8 in Evocations
  3908 | D:4      | Found a staircase to the Ecumenical Temple.
  3916 | D:4      | Gained mutation: You passively map the area around you. [Deep Dwarf growth]
  3916 | D:4      | Reached XP level 9. HP: 32/79 MP: 13/13
  3949 | Temple   | Entered the Ecumenical Temple
  3999 | Temple   | Became a worshipper of Pakellas the Inventive
  4078 | D:4      | Noticed Crazy Yiuf
  4086 | D:4      | Killed Crazy Yiuf
  4490 | D:4      | Reached skill level 9 in Evocations
  4883 | D:6      | Found a sparkling altar of Nemelex Xobeh.
  5173 | D:7      | Found Fedy's Food Shoppe.
  5459 | D:7      | Reached skill level 6 in Axes
  5621 | D:8      | Reached * piety under Pakellas
  5621 | D:8      | Received a gift from Pakellas
  6007 | D:8      | Found Losiho's Food Boutique.
  6053 | D:8      | Reached skill level 9 in Axes
  6095 | D:8      | Found a snail-covered altar of Cheibriados.
  6118 | D:8      | Found a deep blue altar of Sif Muna.
  6121 | D:8      | Found a white marble altar of Elyvilon.
  6124 | D:8      | Found a basalt altar of Yredelemnul.
  6274 | D:9      | Reached XP level 10. HP: 37/87 MP: 13/13
  6274 | D:9      | Reached ** piety under Pakellas
  6274 | D:9      | Received a gift from Pakellas
  6523 | D:9      | Found a staircase to the Lair.
  6663 | D:9      | Reached *** piety under Pakellas
  6663 | D:9      | Received a gift from Pakellas
  6761 | D:10     | Entered Level 10 of the Dungeon
  6767 | D:10     | Noticed magog001's ghost (novice MiFi)
  6787 | D:10     | Killed magog001's ghost
  6837 | D:10     | Noticed a hill giant
  6851 | D:10     | Killed a hill giant
  6851 | D:10     | Reached skill level 12 in Axes
  6938 | D:10     | Reached **** piety under Pakellas
  6938 | D:10     | Received a gift from Pakellas
  6943 | D:10     | Found a staircase to the Orcish Mines.
  7507 | D:10     | Noticed a hill giant
  7515 | D:10     | Killed a hill giant
  7515 | D:10     | Reached XP level 11. HP: 45/93 MP: 15/15
  7574 | Lair:1   | Entered Level 1 of the Lair of Beasts
  8115 | Lair:1   | Reached ***** piety under Pakellas
  8115 | Lair:1   | Received a gift from Pakellas
  8170 | Lair:1   | Reached skill level 10 in Evocations
  8410 | Lair:2   | Identified a +4 rod of clouds (12/12) {god gift} (Pakellas gifted it to you on level 1 of the Lair of Beasts)
  8422 | Lair:2   | Reached skill level 11 in Evocations
  8573 | Lair:2   | Noticed a six-headed hydra
  8596 | Lair:2   | Killed a one-headed hydra
  8730 | Lair:2   | Reached skill level 12 in Evocations
  9032 | Lair:2   | Reached skill level 13 in Evocations
  9108 | Lair:2   | Noticed a six-headed hydra
  9126 | Lair:2   | Killed a one-headed hydra
  9150 | Lair:2   | Got a scorched chain mail
  9161 | Lair:2   | Identified the +9 chain mail of the Okapi {rElec rPois Int+4} (You found it on level 2 of the Lair of Beasts)
  9633 | Lair:3   | Noticed Fannar
  9644 | Lair:3   | Reached skill level 14 in Evocations
  9644 | Lair:3   | Reached XP level 12. HP: 40/100 MP: 18/18
  9646 | Lair:3   | Hired Naqiwuc the naga for 146 gold.
  9653 | Lair:3   | Your ally Naqiwuc died
  9662 | Lair:3   | Killed Fannar
  9906 | Lair:3   | Noticed Gastronok
  9915 | Lair:3   | Killed Gastronok
  9915 | Lair:3   | Reached skill level 15 in Evocations
 10346 | Lair:4   | Noticed magog001's ghost (journeyman MiFi)
 10382 | Lair:4   | Killed magog001's ghost
 10435 | Lair:4   | Reached skill level 16 in Evocations
 10893 | Lair:4   | Reached skill level 17 in Evocations
 11332 | Lair:5   | Reached ****** piety under Pakellas
 11495 | Lair:5   | Found a staircase to the Snake Pit.
 12016 | Lair:6   | Noticed a five-headed hydra
 12022 | Lair:6   | Killed a two-headed hydra
 12022 | Lair:6   | Reached skill level 18 in Evocations
 12051 | Lair:6   | Reached XP level 13. HP: 28/106 MP: 17/22
 12404 | Lair:6   | Found a staircase to the Shoals.
 12587 | Lair:6   | Reached skill level 19 in Evocations
 13069 | Lair:7   | Identified the Guide on Conjuration and Toxins
 13210 | Lair:7   | Reached skill level 20 in Evocations
 13367 | Lair:7   | Found a staircase to the Slime Pits.
 13381 | Lair:7   | Noticed Snorg
 13404 | Lair:7   | Slain by Snorg

Skill      XL: |  1  2  3  4  5  6  7  8  9 10 11 12 13 |
---------------+----------------------------------------+-----
Axes           | 3 4 9 13 14 | 14.0
Fighting       | 3 4 |  4.3
Dodging        | 2 3 4 5 |  5.0
Shields        | 4 5 6 |  6.8
Armour         | 4 5 |  5.8
Evocations     | 8 9 14 18 20 | 20.9

Action                   |  1- 3 |  4- 6 |  7- 9 | 10-12 | 13-15 || total
-------------------------+-------+-------+-------+-------+-------++-------
Melee: War axe           |   100 |   160 |   418 |   580 |   230 ||  1488
 Fire: Hunting sling     |     3 |     6 |     5 |       |       ||    14
Throw: Stone             |       |       |     1 |       |       ||     1
       Tomahawk          |       |       |       |     2 |       ||     2
Invok: Quick Charge      |       |       |     1 |     5 |     2 ||     8
 Abil: Device Recharging |       |       |     3 |     1 |       ||     4
Evoke: Wand              |       |     6 |    24 |    50 |    21 ||   101
       Rod               |       |       |       |     4 |     3 ||     7
       Deck              |       |       |       |     2 |       ||     2
       Phial of floods   |       |       |       |     1 |       ||     1
  Use: Potion            |       |     2 |     2 |       |       ||     4
       Scroll            |       |       |    16 |    11 |       ||    27
 Stab: Confused          |       |       |       |     2 |     2 ||     4
  Eat: Chunk             |       |     5 |    12 |    21 |     5 ||    43
       Beef jerky        |       |       |     1 |       |     1 ||     2
Armor: Scale mail        |    58 |    98 |   213 |   107 |       ||   476
       Chain mail        |       |       |       |   139 |   152 ||   291
Dodge: Dodged            |    35 |    66 |   169 |   188 |   113 ||   571
Block: Shield            |    49 |   106 |   280 |   305 |   168 ||   908
